 Dungeon Crawl Stone Soup version 0.23-a0-315-ga85b81c (webtiles) character file.

71170 epen the Fighter (level 15, -3/119 HPs)
             Began as a Gnoll Abyssal Knight on Oct 13, 2018.
             Was the Champion of Lugonu.
             Slain by a titanic slime creature (87 damage)
             ... on level 14 of the Dungeon.
             The game lasted 00:57:22 (26468 turns).

epen the Fighter (Gnoll Abyssal Knight)            Turns: 26468, Time: 00:57:23

Health: -3/119     AC: 24    Str: 20    XL:     15   Next: 35%
Magic:  25/28      EV: 17    Int: 15    God:    Lugonu [******]
Gold:   1642       SH:  7    Dex: 19    Spells: 27/33 levels left

rFire    + + .     SeeInvis .   v - +5 scimitar (flame)
rCold    . . .     Gourm    .   i - +0 buckler
rNeg     . . .     Faith    +   P - +2 scale mail {rF+}
rPois    .         Spirit   .   V - +2 hat
rElec    .         Reflect  .   I - +2 cloak {MR+}
rCorr    .         Harm     .   A - +0 pair of gloves "Saeloaro" {Dex+4}
MR       ++...                  b - +0 pair of boots
Stlth    +++.......             T - amulet of faith
HPRegen  0.29/turn              o - ring of protection from fire
MPRegen  0.21/turn              u - +5 ring of protection

@: no status effects
A: distributed training, fangs 1, strong nose
a: Depart the Abyss, Bend Space, Banish, Corrupt, Enter the Abyss, Brand Weapon
With Distortion, Renounce Religion


You were on level 14 of the Dungeon.
You worshipped Lugonu.
Lugonu was exalted by your worship.
You were not hungry.

You visited 2 branches of the dungeon, and saw 20 of its levels.
You visited the Abyss 1 time.
You also visited: Labyrinth, Sewer and Ice Cave.

You collected 1642 gold pieces.

Inventory:

Hand Weapons
 v - a +5 scimitar of flaming (weapon)
 D - a +5 halberd of freezing
 O - a +2 glaive of chopping
Missiles
 t - a throwing net (quivered)
Armour
 b - a +0 pair of boots (worn)
 i - a +0 buckler (worn)
 y - a +1 plate armour of poison resistance
 A - the +0 pair of gloves "Saeloaro" (worn) {Dex+4}
   (You found it on level 6 of the Lair of Beasts)

   It affects your dexterity (+4).
 I - a +2 cloak of magic resistance (worn)
 P - a +2 scale mail of fire resistance (worn)
 V - a +2 hat (worn)
Magical Staves
 r - an uncursed staff of fire {unknown}
Jewellery
 o - a ring of protection from fire (left hand)
 u - a +5 ring of protection (right hand)
 w - an uncursed ring of poison resistance
 J - an uncursed ring of positive energy
 K - an uncursed ring of positive energy
 T - an amulet of faith (around neck)
 Y - an uncursed ring of protection from cold
Wands
 f - a wand of digging (20)
 G - a wand of iceblast (23)
 M - a wand of enslavement (17)
 W - a wand of disintegration (6)
Scrolls
 d - 6 scrolls of teleportation
 l - 6 scrolls of amnesia
 p - 11 scrolls of identify
 q - 2 scrolls of fog
 x - a scroll of enchant armour
 E - 4 scrolls of remove curse
 H - 2 scrolls of fear
 R - 2 scrolls of enchant weapon
Potions
 e - a potion of resistance {unknown}
 g - a potion of magic {unknown}
 h - 2 potions of brilliance
 k - 6 potions of curing
 m - 5 potions of agility
 n - 4 potions of flight
 s - 3 potions of haste
 C - 2 potions of cancellation
 L - 2 potions of lignification
 X - a potion of mutation {unknown}
Miscellaneous
 F - a phial of floods (inert)
 Q - a lightning rod (4/4)
 Z - a box of beasts
Comestibles
 a - 3 chunks of flesh
 c - 23 rations


   Skills:
 + Level 11.6 Fighting
 + Level 9.8 Short Blades
 + Level 10.8 Long Blades
 + Level 9.8 Axes
 + Level 9.8 Maces & Flails
 + Level 9.8 Polearms
 + Level 9.8 Staves
 + Level 9.8 Slings
 + Level 9.8 Bows
 + Level 9.8 Crossbows
 + Level 9.8 Throwing
 + Level 10.8 Armour
 + Level 10.2 Dodging
 + Level 9.8 Stealth
 + Level 9.8 Shields
 + Level 9.8 Unarmed Combat
 + Level 9.8 Spellcasting
 + Level 8.2 Conjurations
 + Level 8.2 Hexes
 + Level 8.2 Charms
 + Level 8.2 Summonings
 + Level 8.2 Necromancy
 + Level 8.2 Translocations
 + Level 8.2 Transmutations
 + Level 8.2 Fire Magic
 + Level 8.2 Ice Magic
 + Level 8.2 Air Magic
 + Level 8.2 Earth Magic
 + Level 8.2 Poison Magic
 + Level 11.5 Invocations
 + Level 9.8 Evocations


You had 27 spell levels left.
You knew the following spells:

 Your Spells              Type           Power        Failure   Level  Hunger
a - Regeneration          Chrm/Necr      ####......   2%          3    #......
b - Spectral Weapon       Hex/Chrm       ####....     2%          3    #......

Your spell library contained the following spells:

 Spells                   Type           Power        Failure   Level  Hunger
 Infusion                 Chrm           ####         1%          1    None
 Sandblast                Erth           ####..       1%          1    None
 Sting                    Conj/Pois      ####         1%          1    None
 Summon Butterflies       Summ           ####....     1%          1    None
 Passwall                 Tmut/Erth      ####....     1%          2    None
 Poisonous Vapours        Pois/Air       ####..       1%          2    None
 Shroud of Golubria       Chrm/Tloc      ####......   1%          2    None
 Song of Slaying          Chrm           ####....     1%          2    None
 Call Canine Familiar     Summ           ####....     2%          3    #......
 Mephitic Cloud           Conj/Pois/Air  ####....     2%          3    #......
 Stone Arrow              Conj/Erth      ####..       2%          3    #......
 Ice Form                 Ice/Tmut       ####....     8%          4    ###....
 Olgreb's Toxic Radiance  Pois           ####....     8%          4    ###....
 Petrify                  Tmut/Erth      ####....     8%          4    ###....
 Summon Ice Beast         Ice/Summ       ####....     8%          4    ###....
 Bolt of Magma            Conj/Fire/Erth ####......   22%         5    #####..
 Iskenderun's Battlesphe  Conj/Chrm      ####....     22%         5    #####..
 Lee's Rapid Deconstruct  Erth           ####......   22%         5    #####..
 Metabolic Englaciation   Hex/Ice        ####......   22%         5    #####..
 Summon Mana Viper        Hex/Summ       ####....     22%         5    #####..
 Venom Bolt               Conj/Pois      ####......   22%         5    #####..
 Bolt of Cold             Conj/Ice       ####......   75%         6    ######.
 Freezing Cloud           Conj/Ice/Air   ####......   75%         6    ######.
 Iron Shot                Conj/Erth      ####......   75%         6    ######.
 Ozocubu's Refrigeration  Ice            ####......   75%         6    ######.
 Simulacrum               Ice/Necr       ####......   75%         6    ######.
 Orb of Destruction       Conj           ####......   100%        7    #######
 Spellforged Servitor     Conj/Summ      ####......   100%        7    #######
 Summon Hydra             Summ           ####......   100%        7    #######


Dungeon Overview and Level Annotations

Branches:
Dungeon (14/15)            Temple (0/1) D:5            Lair (6/6) D:8
 Shoals (0/4) Lair:2        Snake (0/4) Lair:3        Slime (0/5) Lair:6
    Orc (0/2) D:10         Vaults (0/5) D:14

Altars:
Fedhas
Gozag
Hepliaklqana
Nemelex Xobeh
Xom
The Shining One
Jiyva

Portals:
Trove: D:11 (give 7 potions of agility)

Annotations:
D:12 corrupted
Abyss:1 Grum, Urug


Innate Abilities, Weirdness & Mutations

Your experience applies equally to all skills.
You have very sharp teeth.
Your uncanny sense of smell can sniff out nearby items.


Message History

Your spectral weapon hits the titanic slime creature!
Your spectral weapon burns the titanic slime creature.
The titanic slime creature closely misses you.
You slash the titanic slime creature! You burn the titanic slime creature.
The titanic slime creature is heavily wounded.
Your spectral weapon hits the titanic slime creature!!
Your spectral weapon burns the titanic slime creature!
The titanic slime creature hits you!!
You hit the titanic slime creature. You burn the titanic slime creature.
You bite the titanic slime creature, but do no damage.
The titanic slime creature is heavily wounded.
Your spectral weapon barely misses the titanic slime creature.
The titanic slime creature completely misses you.
You slice the titanic slime creature!! You burn the titanic slime creature.
The titanic slime creature is severely wounded.
Your spectral weapon hits the titanic slime creature!
Your spectral weapon burns the titanic slime creature.
The titanic slime creature hits you!!!!
Ouch! That really hurt!
You die...

.#####
......###
......J(####
#@...#
####.# #.#
#.# #.# #.#
#.# #.# #.#


You could see a titanic slime creature and a friendly spectral scimitar of
flaming.

Vanquished Creatures
  Gastronok (D:10)
  Nessos (Lair:5)
  6 dire elephants (Lair:6)
  A minotaur (Lab)
  A fire dragon (Lair:6)
  Josephine (Lair:5)
  Fannar (Lair:3)
  A hydra (Lair:6)
  Erica (D:10)
  An anaconda (Lair:6)
  6 two-headed ogres
  An iron troll (D:14)
  Nergalle (D:11)
  4 skeletal warriors (D:13)
  A necromancer (D:14)
  A deep elf mage (D:13)
  An ugly thing (D:13)
  2 cyclopes
  A centaur zombie (D:12)
  Psyche (D:8)
  An ice statue (IceCv)
  2 black mambas
  11 elephants
  A molten gargoyle (D:12)
  A gargoyle (D:11)
  A freezing wraith (D:14)
  9 spiny frogs
  2 kobold demonologists
  5 komodo dragons
  15 rime drakes
  13 polar bears (IceCv)
  A hornet (D:12)
  A troll (D:11)
  15 blink frogs
  A slime creature (D:14)
  4 dream sheep (Lair:5)
  7 hippogriffs
  Sigmund (D:6)
  6 water elementals
  7 wraiths
  59 yaks
  A vampire (D:11)
  2 basilisks
  4 wyverns
  3 hungry ghosts
  10 steam dragons
  3 nagas (Lair:3)
  8 porcupines
  8 water moccasins
  4 orc warriors
  9 ice beasts
  A necrophage (D:5)
  An eye of draining (D:12)
  5 sky beasts
  2 black bears (D:10)
  A phantom (D:4)
  7 ogres
  16 wolves
  8 centaurs
  10 crocodiles
  3 big kobolds
  14 bullfrogs
  5 scorpions
  15 killer bees
  10 wights
  A vampire bat (Lair:6)
  3 electric eels
  A howler monkey (D:10)
  4 crimson imps
  A lava snake (D:12)
  3 bullfrog zombies
  A quasit (D:11)
  5 hounds
  2 jellies
  2 centaur skeletons
  4 orc priests
  Crazy Yiuf (D:7)
  A bullfrog skeleton (D:7)
  5 iguanas
  13 orc wizards
  11 worker ants
  A bullfrog simulacrum (D:11)
  A worker ant zombie (D:9)
  19 gnolls
  6 adders
  2 river rats (D:3)
  6 shadow imps
  9 oozes
  An adder zombie (D:5)
  2 adder skeletons (D:4)
  2 worms (D:2)
  2 dart slugs
  10 leopard geckos
  56 orcs
  17 bats
  18 giant cockroaches
  12 hobgoblins
  8 jackals
  2 quokkas
  13 ball pythons
  A ball python skeleton (D:5)
  22 frilled lizards
  8 goblins
  14 kobolds
  7 rats
  7 plants (Lair:6)
651 creatures vanquished.

Vanquished Creatures (others)
  A frost giant (IceCv)
  An ogre mage (D:12)
  3 two-headed ogres (D:12)
  A slime creature (D:11)
  An orc knight (D:11)
  A manticore (D:11)
  An ugly thing (D:11)
  A freezing wraith (D:11)
  A hippogriff (D:12)
  A spriggan (D:7)
  2 yaks (IceCv)
  A water elemental (D:12)
  4 orc warriors
  3 ogres (D:12)
  6 wolves (IceCv)
  A wight (D:12)
  6 electric eels (D:5)
  An orc priest (D:12)
  A gnoll (D:4)
  An orc (D:12)
  4 fungi
  4 plants
  23 spectral weapons
  A starspawn tentacle (D:12)
70 creatures vanquished.

Grand Total: 721 creatures vanquished

Notes
Turn   | Place    | Note
-------+----------+-------------------------------------------
     0 | Abyss:1  | epen the Gnoll Abyssal Knight began the quest for the Orb.
     0 | Abyss:1  | Reached XP level 1. HP: 23/23 MP: 3/3
    15 | D:1      | Escaped the Abyss
   273 | D:1      | Reached XP level 2. HP: 27/29 MP: 5/5
   564 | D:1      | Reached XP level 3. HP: 34/35 MP: 6/6
   567 | D:1      | Reached ** piety under Lugonu
  1041 | D:2      | Reached skill level 1 in Short Blades
  1041 | D:2      | Reached skill level 1 in Axes
  1041 | D:2      | Reached skill level 1 in Maces & Flails
  1041 | D:2      | Reached skill level 1 in Polearms
  1041 | D:2      | Reached skill level 1 in Staves
  1041 | D:2      | Reached skill level 1 in Slings
  1041 | D:2      | Reached skill level 1 in Bows
  1041 | D:2      | Reached skill level 1 in Crossbows
  1041 | D:2      | Reached skill level 1 in Throwing
  1041 | D:2      | Reached skill level 1 in Stealth
  1041 | D:2      | Reached skill level 1 in Shields
  1041 | D:2      | Reached skill level 1 in Unarmed Combat
  1041 | D:2      | Reached skill level 1 in Spellcasting
  1041 | D:2      | Reached skill level 1 in Evocations
  1167 | D:2      | Reached XP level 4. HP: 41/41 MP: 7/7
  1421 | D:2      | Found an opulent altar of Gozag.
  1895 | D:3      | Reached skill level 1 in Conjurations
  1895 | D:3      | Reached skill level 1 in Hexes
  1895 | D:3      | Reached skill level 1 in Charms
  1895 | D:3      | Reached skill level 1 in Summonings
  1895 | D:3      | Reached skill level 1 in Necromancy
  1895 | D:3      | Reached skill level 1 in Translocations
  1895 | D:3      | Reached skill level 1 in Transmutations
  1895 | D:3      | Reached skill level 1 in Fire Magic
  1895 | D:3      | Reached skill level 1 in Ice Magic
  1895 | D:3      | Reached skill level 1 in Air Magic
  1895 | D:3      | Reached skill level 1 in Earth Magic
  1895 | D:3      | Reached skill level 1 in Poison Magic
  1941 | D:3      | Reached XP level 5. HP: 25/47 MP: 8/8
  2138 | D:3      | Reached *** piety under Lugonu
  2161 | D:3      | Found a glowing drain.
  2177 | Sewer    | Entered a sewer
  2759 | Sewer    | Reached **** piety under Lugonu
  2763 | Sewer    | namelastname112: !lg epen won mf
  2770 | Sewer    | beem: 1. epen the Merfolkian Porcupine (L27 MfGl of
                  | Okawaru), escaped with the Orb and 3 runes on 2017-07-28
                  | 12:51:33, with 1626265 points after 80835 turns and
                  | 3:42:46.
  2791 | Sewer    | Reached XP level 6. HP: 52/53 MP: 9/9
  2807 | Sewer    | Reached skill level 5 in Invocations
  3317 | D:3      | Reached skill level 5 in Long Blades
  3317 | D:3      | Reached skill level 5 in Armour
  4031 | D:4      | Reached XP level 7. HP: 43/59 MP: 10/10
  5264 | D:5      | Entered Level 5 of the Dungeon
  5406 | D:5      | Found a blossoming altar of Fedhas.
  5451 | D:5      | Found a staircase to the Ecumenical Temple.
  5516 | D:5      | Reached XP level 8. HP: 67/67 MP: 12/12
  7023 | D:6      | Noticed Sigmund
  7277 | D:6      | Killed Sigmund
  7425 | D:6      | Reached XP level 9. HP: 65/70 MP: 14/14
  7921 | D:6      | HP: 3/71 [killer bee (5)]
  8569 | D:7      | Reached skill level 5 in Dodging
  8594 | D:7      | Found a runed door.
  8785 | D:7      | Found a sparkling altar of Nemelex Xobeh.
  9018 | D:7      | Noticed Crazy Yiuf
  9021 | D:7      | Killed Crazy Yiuf
  9493 | D:8      | Reached XP level 10. HP: 54/80 MP: 17/17
  9675 | D:8      | Noticed an elephant
  9691 | D:8      | Killed an elephant
  9701 | D:8      | Found a staircase to the Lair.
  9915 | D:8      | Noticed Psyche
  9930 | D:8      | Paralysed by Psyche for 3 turns
  9934 | D:8      | Killed Psyche
  9934 | D:8      | Reached skill level 5 in Short Blades
  9934 | D:8      | Reached skill level 5 in Axes
  9934 | D:8      | Reached skill level 5 in Maces & Flails
  9934 | D:8      | Reached skill level 5 in Polearms
  9934 | D:8      | Reached skill level 5 in Staves
  9934 | D:8      | Reached skill level 5 in Slings
  9934 | D:8      | Reached skill level 5 in Bows
  9934 | D:8      | Reached skill level 5 in Crossbows
  9934 | D:8      | Reached skill level 5 in Throwing
  9934 | D:8      | Reached skill level 5 in Stealth
  9934 | D:8      | Reached skill level 5 in Shields
  9934 | D:8      | Reached skill level 5 in Unarmed Combat
  9934 | D:8      | Reached skill level 5 in Spellcasting
  9934 | D:8      | Reached skill level 5 in Evocations
 10669 | D:9      | Found a shimmering altar of Xom.
 10872 | D:9      | Found a hazy altar of Hepliaklqana.
 11046 | D:9      | Noticed a two-headed ogre
 11051 | D:9      | Killed a two-headed ogre
 11205 | D:10     | Entered Level 10 of the Dungeon
 11229 | D:10     | Reached XP level 11. HP: 86/87 MP: 19/19
 11943 | D:10     | Found a staircase to the Orcish Mines.
 12180 | D:10     | Noticed Erica
 12195 | D:10     | Killed Erica
 12195 | D:10     | Reached skill level 5 in Conjurations
 12195 | D:10     | Reached skill level 5 in Hexes
 12195 | D:10     | Reached skill level 5 in Charms
 12195 | D:10     | Reached skill level 5 in Summonings
 12195 | D:10     | Reached skill level 5 in Necromancy
 12195 | D:10     | Reached skill level 5 in Translocations
 12195 | D:10     | Reached skill level 5 in Transmutations
 12195 | D:10     | Reached skill level 5 in Fire Magic
 12195 | D:10     | Reached skill level 5 in Ice Magic
 12195 | D:10     | Reached skill level 5 in Air Magic
 12195 | D:10     | Reached skill level 5 in Earth Magic
 12195 | D:10     | Reached skill level 5 in Poison Magic
 12226 | D:10     | Noticed Gastronok
 12431 | D:10     | Killed Gastronok
 12584 | D:10     | Reached ***** piety under Lugonu
 13024 | D:11     | Noticed a green ugly thing
 13025 | D:11     | Banished a green ugly thing
 13084 | D:11     | Noticed an orc knight
 13088 | D:11     | Banished an orc knight
 13134 | D:11     | Reached XP level 12. HP: 69/96 MP: 10/22
 13315 | D:11     | Noticed Grum
 13330 | D:11     | Banished Grum
 13375 | D:11     | Noticed Nergalle
 13616 | D:11     | Killed Nergalle
 13745 | D:11     | Found a glowing golden altar of the Shining One.
 13848 | D:11     | Noticed Urug
 13853 | D:11     | Banished Urug
 14151 | D:11     | Found a portal to a secret trove of treasure.
 14599 | D:12     | Found a labyrinth entrance.
 14616 | Lab      | Entered a labyrinth
 15295 | Lab      | Noticed a minotaur
 15309 | Lab      | Killed a minotaur
 15432 | D:12     | Noticed a two-headed ogre
 15455 | D:12     | Killed a two-headed ogre
 15652 | D:12     | Noticed a two-headed ogre
 15652 | D:12     | Noticed a two-headed ogre
 15653 | D:12     | Noticed an ogre mage
 15653 | D:12     | Noticed a two-headed ogre
 15668 | D:12     | Corrupted D:12
 15668 | D:12     | Noticed a hell knight
 15668 | D:12     | Noticed a starcursed mass
 15668 | D:12     | Noticed a starcursed mass
 15668 | D:12     | Noticed a tentacled starspawn
 15670 | D:12     | Killed a two-headed ogre
 15671 | D:12     | Killed an ogre mage
 15672 | D:12     | Noticed a rakshasa
 15673 | D:12     | Noticed a tentacled starspawn
 15673 | D:12     | Banished a two-headed ogre
 15675 | D:12     | Killed a two-headed ogre
 15755 | D:12     | Learned a level 3 spell: Regeneration
 15759 | D:12     | Learned a level 3 spell: Spectral Weapon
 15778 | D:12     | Noticed a two-headed ogre
 15785 | D:12     | Killed a two-headed ogre
 16009 | D:12     | Reached skill level 10 in Fighting
 16516 | Lair:1   | Entered Level 1 of the Lair of Beasts
 16842 | Lair:1   | Reached XP level 13. HP: 103/103 MP: 24/24
 17488 | Lair:2   | Found a staircase to the Shoals.
 18081 | Lair:3   | Noticed Fannar
 18106 | Lair:3   | Killed Fannar
 18316 | Lair:3   | Found a staircase to the Snake Pit.
 18478 | Lair:3   | Reached skill level 10 in Invocations
 20009 | Lair:5   | Noticed Josephine
 20033 | Lair:5   | Killed Josephine
 20351 | Lair:5   | Noticed Nessos
 20367 | Lair:5   | Killed Nessos
 20367 | Lair:5   | Reached XP level 14. HP: 50/111 MP: 23/26
 21228 | Lair:6   | Entered Level 6 of the Lair of Beasts
 21243 | Lair:6   | Found a frozen archway.
 21289 | Lair:6   | Reached ****** piety under Lugonu
 21303 | IceCv    | Entered an ice cave
 21418 | IceCv    | Reached skill level 10 in Long Blades
 21418 | IceCv    | Reached skill level 10 in Armour
 22438 | IceCv    | Noticed a frost giant
 22450 | IceCv    | Banished a frost giant
 23059 | Lair:6   | Found a viscous altar of Jiyva.
 23059 | Lair:6   | Found a staircase to the Slime Pits.
 24549 | Lair:6   | Noticed a dire elephant
 24549 | Lair:6   | Noticed a dire elephant
 24577 | Lair:6   | Noticed a dire elephant
 24578 | Lair:6   | Killed a dire elephant
 24583 | Lair:6   | Killed a dire elephant
 24587 | Lair:6   | Killed a dire elephant
 24728 | Lair:6   | Got a polished morningstar
 24734 | Lair:6   | Got a pair of ancient gloves
 24746 | Lair:6   | Identified the +0 pair of gloves "Saeloaro" {Dex+4} (You
                  | found it on level 6 of the Lair of Beasts)
 24748 | Lair:6   | Identified the +7 morningstar of Tumult {freeze, rElec MR-
                  | MP-9 Str+8} (You found it on level 6 of the Lair of Beasts)
 24830 | Lair:6   | Noticed a dire elephant
 24831 | Lair:6   | Noticed a dire elephant
 24841 | Lair:6   | Killed a dire elephant
 24841 | Lair:6   | Reached XP level 15. HP: 70/119 MP: 25/28
 25001 | Lair:6   | namelastname112: ??acid bolt
 25001 | Lair:6   | beem: I don't have a page labeled acid_bolt in my learndb.
 25002 | Lair:6   | namelastname112: ??acid
 25002 | Lair:6   | beem: acid[1/3]: May cause you to receive a level of the
                  | debuff "Corr". When something attempts to corrode you, it
                  | has a Corr_level/(Corr_level+7) chance to fail. Each level
                  | of Corr reduces your AC by 4 and gives -4 slaying. Goes
                  | away after enough time has passed. Corr(-4) means -4
                  | slaying/-4 AC. Monsters get a non-stacking -8 ac, and have
                  | a 1/3 chance to be corroded when splashed.
 25341 | D:13     | Reached skill level 10 in Dodging
 26322 | D:14     | Got a jet-encrusted scale mail
 26323 | D:14     | Identified the +3 scale mail of the Sneaky Runes {-Cast
                  | rPois rF+++ Dex+2} (You found it on level 14 of the
                  | Dungeon)
 26344 | D:14     | Found a gate to the Vaults.
 26468 | D:14     | Slain by a titanic slime creature

Vault maps used:
D:1:      dpeg_arrival_rhombi, serial_rivers, chequers_serial_rivers_micro_b,
          chequers_serial_rivers_room_b, chequers_serial_rivers_room_a,
          chequers_serial_rivers_small_a, chequers_serial_rivers_micro_a,
          minmay_quantized
D:2:      wad_river_or_something, marbit_many_paths, minmay_door_square
D:3:      gup_sewer_entry_bubbles
D:5:      cheibrodos_two_vegetables, minmay_temple_entry_large_hall,
          first_ration, fedhas_altar_1
D:6:      uniq_sigmund
D:7:      the_bakery, nemelex_lonely_heart_becter, uniq_crazy_yiuf_cottage
D:8:      david_lair_generic, uniq_psyche
D:9:      lemuel_doored_altar, basic_altar
D:10:     hiddenorc2_lemuel, hangedman_decor_slide_cut,
          nicolae_underground_beach, uniq_gastronok, uniq_erica
D:11:     minmay_curly_fans, trove_entry_hex_spiral, tso_metal_star,
          uniq_nergalle, uniq_urug, uniq_grum
D:12:     lab_entry_generic, nicolae_lava_and_water, hex_large, kennysheep_dice
D:14:     david_vaults_4, serial_co_window_serial, co_window_paths_b,
          co_window_paths_b, co_window_of_opportunity_a,
          co_window_of_opportunity_a, co_window_corner_a, co_window_2corner,
          co_window_paths_c, co_window_broadway_a, co_window_broadway_b,
          co_window_broadway_b, glass_columns_b, glass_columns_a,
          glass_columns_a, glass_columns_a, glass_columns_a, uniq_louise
Lair:2:   minmay_shoals_entry_centaurs, grunt_megastairs_5
Lair:3:   guppyfry_snake_entry_island, uniq_fannar
Lair:5:   uniq_josephine, uniq_nessos
Lair:6:   due_jungle_book, slime_altar_1, portal_ice_cave_entry_ice_beasts,
          roderic_batcave, bobbens_dragon_lair_wall, serial_bayou_shore_a
Lab:      labyrinth_skeletal_remains
Sewer:    sewer_frog_island_02
IceCv:    ice_cave_caverns_02

Skill      XL: |  1  2  3  4  5  6  7  8  9 10 11 12 13 14 15 |
---------------+----------------------------------------------+-----
Short Blades   | 1 2 3 4 5 6 7 8 9 |  9.8
Axes           | 1 2 3 4 5 6 7 8 9 |  9.8
Maces & Flails | 1 2 3 4 5 6 7 8 9 |  9.8
Polearms       | 1 2 3 4 5 6 7 8 9 |  9.8
Staves         | 1 2 3 4 5 6 7 8 9 |  9.8
Slings         | 1 2 3 4 5 6 7 8 9 |  9.8
Bows           | 1 2 3 4 5 6 7 8 9 |  9.8
Crossbows      | 1 2 3 4 5 6 7 8 9 |  9.8
Throwing       | 1 2 3 4 5 6 7 8 9 |  9.8
Stealth        | 1 2 3 4 5 6 7 8 9 |  9.8
Shields        | 1 2 3 4 5 6 7 8 9 |  9.8
Unarmed Combat | 1 2 3 4 5 6 7 8 9 |  9.8
Spellcasting   | 1 2 3 4 5 6 7 8 9 |  9.8
Evocations     | 1 2 3 4 5 6 7 8 9 |  9.8
Conjurations   | 1 2 3 4 5 6 7 8 |  8.2
Hexes          | 1 2 3 4 5 6 7 8 |  8.2
Charms         | 1 2 3 4 5 6 7 8 |  8.2
Summonings     | 1 2 3 4 5 6 7 8 |  8.2
Necromancy     | 1 2 3 4 5 6 7 8 |  8.2
Translocations | 1 2 3 4 5 6 7 8 |  8.2
Transmutations | 1 2 3 4 5 6 7 8 |  8.2
Fire Magic     | 1 2 3 4 5 6 7 8 |  8.2
Ice Magic      | 1 2 3 4 5 6 7 8 |  8.2
Air Magic      | 1 2 3 4 5 6 7 8 |  8.2
Earth Magic    | 1 2 3 4 5 6 7 8 |  8.2
Poison Magic   | 1 2 3 4 5 6 7 8 |  8.2
Dodging        | 3 4 5 6 7 8 9 10 | 10.2
Invocations    | 5 6 7 8 9 10 11 | 11.5
Long Blades    | 5 6 7 8 9 10 | 10.8
Armour         | 5 6 7 8 9 10 | 10.8
Fighting       | 7 8 9 10 11 | 11.6

Action                   |  1- 3 |  4- 6 |  7- 9 | 10-12 | 13-15 || total
-------------------------+-------+-------+-------+-------+-------++-------
Melee: Falchion          |    34 |       |       |       |       ||    34
       Bite              |    11 |    34 |    66 |    87 |   157 ||   355
       Dagger            |    64 |   335 |   339 |       |       ||   738
       Punch             |     1 |     1 |     3 |       |       ||     5
       Halberd           |       |       |   149 |   270 |       ||   419
       Scimitar          |       |       |       |   371 |   792 ||  1163
 Cast: Spectral Weapon   |       |       |       |     7 |    82 ||    89
       Regeneration      |       |       |       |     2 |    27 ||    29
Invok: Banish            |       |     2 |    10 |    12 |     6 ||    30
       Corrupt           |       |       |       |     1 |       ||     1
Evoke: Wand              |       |       |       |     2 |    17 ||    19
       Phial of floods   |       |       |       |     1 |     1 ||     2
       Lightning rod     |       |       |       |       |     5 ||     5
  Use: Scroll            |       |     7 |     8 |    14 |    13 ||    42
       Potion            |       |       |     1 |     4 |     4 ||     9
 Stab: Sleeping          |     2 |     2 |     6 |    10 |     7 ||    27
       Distracted        |       |       |     1 |       |     8 ||     9
  Eat: Chunk             |       |    11 |    11 |    16 |    23 ||    61
       Ration            |       |       |     3 |     7 |     4 ||    14
Armor: Leather armour    |    32 |     5 |       |       |       ||    37
       Ring mail         |       |    91 |   191 |   203 |       ||   485
       Chain mail        |       |    57 |    28 |       |       ||    85
       Scale mail        |       |       |       |    19 |   295 ||   314
Dodge: Dodged            |    53 |   185 |   320 |   367 |   507 ||  1432
Block: Buckler           |       |       |    17 |    82 |   216 ||   315
       Rpst.: Falchion   |    11 |       |       |       |       ||    11
       Scimitar          |       |       |       |    61 |   118 ||   179

Table legend:
 A = Non-vault XP
 B = Vault XP
 C = Vault XP percentage of total XP
 D = Non-vault monster count
 E = Vault monster count
 F = Vault count percentage of total count
                 A         B        C        D         E       F
            +---------+---------+-------+---------+---------+-------
      Total |   64720 |   36952 |  36.3 |     430 |     235 |  35.3
            +---------+---------+-------+---------+---------+-------
        D:1 |      40 |       9 |  18.4 |      25 |       4 |  13.8
        D:2 |      26 |      52 |  66.7 |       8 |      10 |  55.6
        D:3 |      96 |      37 |  27.8 |      23 |       8 |  25.8
        D:4 |     672 |       0 |   0.0 |      26 |       0 |   0.0
        D:5 |     597 |     164 |  21.6 |      21 |       6 |  22.2
        D:6 |     555 |     227 |  29.0 |      18 |       1 |   5.3
        D:7 |     752 |     146 |  16.3 |      13 |       2 |  13.3
        D:8 |    1170 |    1396 |  54.4 |      31 |       5 |  13.9
        D:9 |    2690 |       0 |   0.0 |      26 |       0 |   0.0
       D:10 |    3839 |    4102 |  51.7 |      34 |      38 |  52.8
       D:11 |    5047 |    2688 |  34.8 |      44 |      11 |  20.0
       D:12 |    4450 |     133 |   2.9 |      18 |       1 |   5.3
       D:13 |    7623 |       0 |   0.0 |      17 |       0 |   0.0
       D:14 |    1735 |    2338 |  57.4 |       9 |       3 |  25.0
     Lair:1 |    2040 |       0 |   0.0 |      10 |       0 |   0.0
     Lair:2 |    1222 |     781 |  39.0 |       5 |       7 |  58.3
     Lair:3 |    5287 |    1492 |  22.0 |      23 |       4 |  14.8
     Lair:4 |    4887 |       0 |   0.0 |      17 |       0 |   0.0
     Lair:5 |    7055 |    3316 |  32.0 |      29 |       6 |  17.1
     Lair:6 |   13753 |   10404 |  43.1 |      32 |      42 |  56.8
        Lab |    1184 |       0 |   0.0 |       1 |       0 |   0.0
      Sewer |       0 |     200 | 100.0 |       0 |      45 | 100.0
      IceCv |       0 |    9467 | 100.0 |       0 |      42 | 100.0
            +---------+---------+-------+---------+---------+-------
